 Dungeon Crawl Stone Soup version 0.18.1-8-gdd0e5ea (webtiles) character file.

9881 mistymad the Fighter (level 11, -8/71 HPs)
             Began as a Gargoyle Fighter on May 24, 2016.
             Was a High Priest of Okawaru.
             Mangled by an ice beast (14 damage)
             ... summoned by an ice statue
             ... in an ice cave.
             The game lasted 00:36:52 (11538 turns).

mistymad the Fighter (Gargoyle Fighter)            Turns: 11538, Time: 00:36:54

Health: -8/71      AC: 24    Str: 21    XL:     11   Next: 53%
Magic:  13/14      EV: 22    Int:  6    God:    Okawaru [*****.]
Gold:   406        SH: 17    Dex: 18    Spells: 0 memorised, 10 levels left

rFire  . . .     SeeInvis .     K - +1 flail (protect)
rCold  . . .     Gourm    .     F - +1 ring mail of Gehenna {+Inv Dex+6}
rNeg   + . .     Faith    .     c - +0 shield
rPois  ∞         Spirit   .     (helmet restricted)
rElec  +         Dismiss  .     m - +0 cloak
rCorr  .         Reflect  +     (no gloves)
SustAt .         Harm     .     J - +0 pair of boots {Fly}
MR     +....     Rnd*Rage +     g - +3 amulet of reflection
Stlth  ++........               (no ring)
                                C - +3 ring of evasion

@: about to teleport, heroism, somewhat resistant to hostile enchantments,
unstealthy
A: horns 1, berserk 1, dopey 1, magic resistance 1, negative energy resistance
1, electricity resistance, wild magic 1, unbreathing, petrification resistance,
rot immunity, AC +7
a: Heroism, Finesse, Renounce Religion, Evoke Invisibility, Evoke Flight


You were in an ice cave.
You worshipped Okawaru.
Okawaru was extremely pleased with you.
You were near starving.

You visited 3 branches of the dungeon, and saw 12 of its levels.
You also visited: Ice Cave.

You collected 680 gold pieces.
You spent 274 gold pieces at shops.

Inventory:

Hand Weapons
 K - a +1 flail of protection (weapon)
Armour
 c - a +0 shield (worn)
 m - a +0 cloak (worn)
 o - a +1 helmet
 F - the +1 ring mail of Gehenna (worn) {+Inv Dex+6}
   (You took it off an orc on level 6 of the Dungeon)

   It affects your dexterity (+6).
   It lets you turn invisible.
 J - a +0 pair of boots of flying (worn)
Jewellery
 g - a +3 amulet of reflection (around neck)
 C - a +3 ring of evasion (left hand)
Wands
 i - a wand of slowing (25/48)
 r - a wand of polymorph (18/24)
 H - a wand of lightning (11/15)
 O - a wand of disintegration (4/24)
Scrolls
 q - a scroll of fear
 s - a scroll of remove curse
 w - a scroll of enchant weapon
 x - a scroll of acquirement {unknown}
 y - 2 scrolls of teleportation
 z - 2 scrolls of recharging
 A - a scroll of fog {unknown}
 I - 2 scrolls of enchant armour {unknown}
 L - 2 scrolls of identify
Potions
 a - 4 potions of cancellation
 d - a potion of might
 h - 3 potions of haste
 n - a potion of magic {unknown}
 p - 4 potions of degeneration {unknown}
 t - 2 potions of curing {unknown}
 v - 4 potions of heal wounds
 D - 2 potions of flight {unknown}
 G - 3 potions of brilliance {unknown}
Comestibles
 b - 15 fruits
 f - 9 bread rations
 k - 5 meat rations
 l - 2 beef jerkies
 B - a royal jelly
 E - a slice of pizza


   Skills:
 + Level 9.2(14.2) Fighting
 + Level 8.3(13.3) Maces & Flails
 + Level 8.9(13.9) Armour
 + Level 6.2(11.2) Dodging
 + Level 9.0(14.0) Shields
 + Level 5.1 Invocations


You had 10 spell levels left.
You didn't know any spells.

Dungeon Overview and Level Annotations

Branches:
Dungeon (10/15)            Temple (1/1) D:4            Lair (1/8) D:10
    Orc: D:9-12

Altars:
Ashenzari
Cheibriados
Dithmenos
Elyvilon
Fedhas
Gozag
Kikubaaqudgha
Makhleb
Nemelex Xobeh
Okawaru
Pakellas
Qazlal
Ru
Sif Muna
Trog
Vehumet
Xom
Yredelemnul
Zin
The Shining One
Lugonu

Shops:
D:4 *   D:6 ([   D:7 [

Annotations:
IceCv exclusion: 3 ice statues


Innate Abilities, Weirdness & Mutations

You are resistant to torment.
Your stone body is resilient (AC +7).
You are immune to poison.
You resist negative energy.
You are resistant to electric shocks.
You can survive without breathing.
You are immune to petrification.
You are immune to rotting.
You have a pair of small horns on your head.
You tend to lose your temper in combat.
You are dopey. (Int -2)
You are resistant to hostile enchantments.
Your spells are a little harder to cast, but a little more powerful.


Message History

Read which item? (? for menu, Esc to quit)
As you read the scroll of teleportation, it crumbles to dust.
You feel strangely unstable.
You are engulfed in freezing vapours.
* * * LOW HITPOINT WARNING * * *
The ice beast closely misses you.
The ice statue gestures.
The ice beast closely misses you.
Drink which item? (? for menu, Esc to quit)
You feel much better.
You are engulfed in freezing vapours.
You block the ice beast's attack. x2
The ice beast hits you but does no damage.
The ice beast barely misses you.
You hit the ice statue. You headbutt the ice statue.
The ice statue is moderately damaged.
You are engulfed in freezing vapours.
* * * LOW HITPOINT WARNING * * *
You block the ice beast's attack. The ice beast hits you.
* * * LOW HITPOINT WARNING * * *
The ice beast freezes you!
You die...

##.....##
##.......##
#.........#
#.........#
#.........#
#[........#
#.).....(.#
#####.#####
#8....YY@8#
#......YYY#
#......YY.#
#.......§.#
#.........#
##.......##
##.....##
###8###


You could see 3 ice statues and 7 ice beasts.

Vanquished Creatures
  Erica (D:10)
  A hill giant (D:10)
  A gargoyle (D:10)
  The ghost of Statics the Poker, a novice DsFi of Ashenzari (D:5)
  A wraith (D:10)
  A wyvern (D:10)
  4 yaks
  The ghost of Scarto the Skirmisher, an amateur DsFi (D:3)
  A hungry ghost (D:6)
  A mottled dragon (D:10)
  3 orc warriors
  A sky beast (D:8)
  A phantom (D:7)
  17 ice beasts
  2 necrophages
  6 ogres
  2 centaurs
  A big kobold (D:10)
  2 giant frogs
  A gnoll sergeant (D:10)
  5 scorpions
  30 killer bees
  2 howler monkeys (D:6)
  A crimson imp (D:10)
  A giant frog zombie (D:6)
  A quasit (D:5)
  4 jellies
  10 hounds
  11 orc wizards
  10 orc priests
  An iguana (D:9)
  2 centaur skeletons
  Jessica (D:2)
  A giant frog skeleton (D:5)
  Natasha (twice) (D:2)
  Ijyb (D:2)
  4 worker ants
  2 killer bee zombies
  A hound zombie (D:5)
  A hound skeleton (D:8)
  A mummy (D:9)
  Robin (D:2)
  2 worker ant zombies
  5 gnolls
  A howler monkey skeleton (D:10)
  13 adders
  2 shadow imps
  2 oozes (D:6)
  An adder skeleton (D:5)
  A worm (D:3)
  2 dart slugs
  8 giant geckos
  43 orcs
  9 giant cockroaches
  17 goblins
  11 hobgoblins
  6 jackals
  7 kobolds
  8 quokkas
  A ball python (D:4)
  14 bats
  A giant gecko zombie (D:8)
  A quokka skeleton (D:6)
  4 rats
  2 plants (D:10)
303 creatures vanquished.

Vanquished Creatures (others)
  An orc wizard (D:10)
  5 sheep (D:5)
  An orc (D:8)
  A kobold (D:2)
  2 plants (D:10)
10 creatures vanquished.

Grand Total: 313 creatures vanquished

Notes
Turn   | Place    | Note
--------------------------------------------------------------
     0 | D:1      | mistymad the Gargoyle Fighter began the quest for the Orb.
     0 | D:1      | Reached XP level 1. HP: 14/14 MP: 1/1
    49 | D:1      | Reached XP level 2. HP: 19/19 MP: 2/2
   416 | D:1      | Reached XP level 3. HP: 24/24 MP: 3/3
  1069 | D:2      | Reached skill level 1 in Dodging
  1069 | D:2      | Reached XP level 4. HP: 16/29 MP: 4/4
  1350 | D:2      | Noticed Ijyb
  1396 | D:2      | Killed Ijyb
  1437 | D:2      | Found a sparkling altar of Nemelex Xobeh.
  1483 | D:2      | Noticed Robin
  1543 | D:2      | Killed Robin
  1543 | D:2      | Reached XP level 5. HP: 30/33 MP: 5/5
  1670 | D:2      | Noticed Natasha
  1672 | D:2      | Found a shadowy altar of Dithmenos.
  1683 | D:2      | Killed Natasha
  2058 | D:2      | Noticed Jessica
  2064 | D:2      | Killed Jessica
  2192 | D:2      | Noticed Natasha
  2198 | D:2      | Killed Natasha
  2442 | D:3      | Found a glowing golden altar of the Shining One.
  2518 | D:3      | Reached XP level 6. HP: 39/39 MP: 6/6
  2636 | D:3      | Noticed Scarto's ghost (amateur DsFi)
  2894 | D:3      | Killed Scarto's ghost
  3305 | D:3      | Reached XP level 7. HP: 44/44 MP: 7/7
  3592 | D:4      | Reached skill level 5 in Fighting
  3722 | D:4      | Found a staircase to the Ecumenical Temple.
  3754 | Temple   | Entered the Ecumenical Temple
  3796 | Temple   | Became a worshipper of Warmaster Okawaru
  4032 | D:4      | Found a sacrificial altar of Ru.
  4032 | D:4      | Found a radiant altar of Vehumet.
  4035 | D:4      | Found a shadowy altar of Dithmenos.
  4115 | D:4      | Reached skill level 5 in Armour
  4199 | D:4      | Found Gonaorhe's General Store.
  4234 | D:4      | Bought a scroll of identify for 20 gold pieces
  4234 | D:4      | Bought 2 potions of cancellation for 160 gold pieces
  4389 | D:4      | Reached skill level 5 in Shields
  4436 | D:5      | Entered Level 5 of the Dungeon
  4455 | D:5      | Found an ancient bone altar of Kikubaaqudgha.
  4456 | D:5      | Noticed Statics's ghost (novice DsFi)
  4679 | D:5      | Reached * piety under Okawaru
  4679 | D:5      | Reached XP level 8. HP: 45/50 MP: 8/8
  4912 | D:5      | Killed Statics's ghost
  4912 | D:5      | Reached skill level 5 in Maces & Flails
  5189 | D:5      | Found a burning altar of Makhleb.
  5405 | D:5      | Found a blossoming altar of Fedhas.
  5424 | D:5      | Found a shimmering altar of Xom.
  5861 | D:6      | Found Hinkoi's Antique Weapon Emporium.
  5870 | D:6      | Reached ** piety under Okawaru
  6009 | D:6      | Reached XP level 9. HP: 56/56 MP: 9/9
  6358 | D:6      | Found Peusen's Armour Shoppe.
  6475 | D:6      | Got a scorched ring mail
  6487 | D:6      | Identified the +1 ring mail of Gehenna {+Inv Dex+6} (You took it off an orc on level 6 of the Dungeon)
  6835 | D:7      | Found Voaneisk's Antique Armour Boutique.
  6849 | D:7      | Bought a pair of glowing boots for 94 gold pieces
  6985 | D:7      | Noticed a troll
  6986 | D:7      | a troll changed into a yak
  7087 | D:7      | Found a burning altar of Makhleb.
  7141 | D:7      | Reached *** piety under Okawaru
  7177 | D:7      | Found a sacrificial altar of Ru.
  7675 | D:8      | Found a stormy altar of Qazlal.
  8293 | D:8      | Reached skill level 1 in Invocations
  8304 | D:8      | Reached skill level 5 in Dodging
  8357 | D:8      | Reached XP level 10. HP: 56/63 MP: 9/11
  8467 | D:8      | Found a bloodstained altar of Trog.
  8515 | D:8      | Gained mutation: You are resistant to hostile enchantments. [mutagenic meat]
  8516 | D:8      | Gained mutation: You have a pair of small horns on your head. [mutagenic meat]
  8517 | D:8      | Gained mutation: You are dopey. (Int -2) [mutagenic meat]
  8518 | D:8      | Gained mutation: Your spells are a little harder to cast, but a little more powerful. [mutagenic meat]
  8519 | D:8      | Gained mutation: You tend to lose your temper in combat. [mutagenic meat]
  9289 | D:9      | Reached **** piety under Okawaru
  9435 | D:9      | Found a snail-covered altar of Cheibriados.
  9942 | D:10     | Entered Level 10 of the Dungeon
 10073 | D:10     | Found a blossoming altar of Fedhas.
 10248 | D:10     | Found a staircase to the Lair.
 10254 | D:10     | Noticed Erica
 10276 | D:10     | Killed Erica
 10276 | D:10     | Reached ***** piety under Okawaru
 10460 | D:10     | Noticed a hill giant
 10466 | D:10     | Reached XP level 11. HP: 63/69 MP: 14/14
 10480 | D:10     | Killed a hill giant
 10904 | D:10     | Received a gift from Okawaru
 11197 | Lair:1   | Entered Level 1 of the Lair of Beasts
 11244 | Lair:1   | Found a frozen archway.
 11347 | IceCv    | Entered an ice cave
 11355 | IceCv    | Reached skill level 5 in Invocations
 11538 | IceCv    | Mangled by an ice beast

Skill      XL: |  1  2  3  4  5  6  7  8  9 10 11 |
---------------+----------------------------------+-----
Dodging        | 1 2 3 5 6 |  6.2
Fighting       | 4 5 6 7 8 9 |  9.2
Maces & Flails | 3 4 5 6 7 8 |  8.3
Armour         | 4 5 6 7 8 |  8.9
Shields        | 4 5 6 7 8 9 |  9.0
Invocations    | 1 4 5 |  5.1

Action                   |  1- 3 |  4- 6 |  7- 9 | 10-12 || total
-------------------------+-------+-------+-------+-------++-------
Melee: Flail             |   121 |   277 |   274 |   581 ||  1253
       Morningstar       |       |       |   372 |       ||   372
       Headbutt          |       |       |       |   162 ||   162
Invok: Heroism           |       |       |     2 |     5 ||     7
       Finesse           |       |       |       |     1 ||     1
 Abil: Stop Flying       |       |       |     1 |       ||     1
Evoke: Wand              |       |       |     1 |       ||     1
  Use: Potion            |       |     1 |       |     1 ||     2
       Scroll            |       |       |    12 |     4 ||    16
  Eat: Chunk             |       |     9 |    18 |    18 ||    45
       Fruit             |       |       |     4 |       ||     4
Armor: Scale mail        |    98 |   160 |   254 |       ||   512
       Ring mail         |       |       |    89 |   143 ||   232
Dodge: Dodged            |    61 |    87 |   471 |   295 ||   914
Block: Shield            |    96 |   237 |   676 |   460 ||  1469
       Reflection        |       |     5 |     9 |     3 ||    17
